 Dungeon Crawl Stone Soup version 0.30-b1-2-g02819fbbbe (webtiles) character file.

Game seed: 3894163521064686114

102 Alarkh the Insei (level 4, -1/28 (33) HPs)
             Began as a Demonspawn Warper on May 28, 2023.
             Slain by Edmund
             ... wielding a +1 flail of draining
              (5 damage)
             ... on level 4 of the Dungeon.
             The game lasted 00:02:47 (1974 turns).

Alarkh the Insei (Demonspawn Warper)                Turns: 1974, Time: 00:02:48

HP:   -1/28 (33)    AC:  3    Str: 12    XL:     4   Next: 50%
MP:   7/7           EV: 11    Int: 16    God:
Gold: 153           SH:  0    Dex: 12    Spells: 5/7 levels left

rFire   . .          .
                       - Unarmed
rCold   . . .        (no shield)
rNeg    . . .        a - +0 leather armour
rPois   .            (helmet restricted)
rElec   .            (no cloak)
rCorr   .            (no gloves)
SInv    .            (no boots)
Will    .....        (no amulet)
Stlth   +            (no ring)
HPRegen 0.24/turn    (no ring)
MPRegen 0.10/turn

%: no passive effects
@: hasted, heavily drained, invisible, very quick
A: claws 1, demonic magic 1, antennae 1, fangs 1, wild magic 1
a: no special abilities


You were on level 4 of the Dungeon.
You visited 1 branch of the dungeon, and saw 4 of its levels.

You collected 153 gold pieces.

Inventory:

Missiles
 c - 2 boomerangs of dispersal (quivered)
Armour
 a - a +0 leather armour (worn)
Wands
 n - a wand of flame (4)
Scrolls
 b - 3 scrolls of blinking
 j - 2 scrolls of amnesia
 k - a scroll of enchant armour {unknown}
 l - 2 scrolls of teleportation
Potions
 d - a potion of resistance {unknown}
 f - a potion of brilliance {unknown}
 g - a potion of haste
 i - 3 potions of curing
 m - a potion of ambrosia {unknown}


   Skills:
 - Level 2.0 Fighting
 - Level 0.8 Throwing
 - Level 0.8 Armour
 - Level 1.7 Dodging
 + Level 4.4 Unarmed Combat
 - Level 2.0 Spellcasting
 - Level 2.6 Translocations


You had 5 spell levels left.
You knew the following spells:

 Your Spells              Type           Power      Damage    Failure   Level
a - Blink                 Tloc           26%        N/A       19%         2

Your spell library contained the following spells:

 Spells                   Type           Power      Damage    Failure   Level
 Apportation              Tloc           26%        N/A       13%         1
 Lesser Beckoning         Tloc           26%        N/A       19%         2
 Necrotise                Necr           8%         1d4       34%         1
 Summon Small Mammal      Summ           8%         N/A       34%         1
 Teleport Other           Tloc           13%        N/A       34%         3
 Vhi's Electric Charge    Tloc/Air       14%        N/A       50%         3
 Manifold Assault         Tloc           13%        N/A       73%         4


Dungeon Overview and Level Annotations

Branches:
Dungeon (4/15)
 Temple: D:4-7

Altars:
Ashenzari
Hepliaklqana

Annotations:
D:3 Sigmund
D:4 Edmund


Innate Abilities, Weirdness & Mutations

You have sharp fingernails.
Spells you cast may paralyse adjacent enemies.
You have a pair of small antennae on your head.
You have very sharp teeth.
Your spells are a little harder to cast, but a little more powerful.


Message History

The puff of flame hits Edmund.
Edmund is moderately wounded.
Aiming: Throw Flame
Press: ? - help, Shift-Dir - straight line, f/p - jelly
Aim: a jelly (heavily wounded, 100% to hit)
The puff of flame hits Edmund.
Edmund is moderately wounded.
You closely miss Edmund.
Edmund is moderately wounded.
You closely miss Edmund.
Edmund is moderately wounded.
Edmund hits you with a +1 flail of draining.
You feel drained.
You catch the helpless Edmund completely off-guard!
You scratch Edmund but do no damage.
Edmund is moderately wounded.
Edmund hits you with a +1 flail of draining.
You feel drained.
You scratch Edmund.
Edmund is moderately wounded.
You catch the helpless Edmund completely off-guard!
You scratch Edmund. You bite Edmund, but do no damage.
Edmund is heavily wounded.
Edmund hits you with a +1 flail of draining!
You feel drained.
You strike the helpless Edmund from behind!
You claw Edmund!
Edmund is heavily wounded.
Edmund clears his throat.
Edmund barely misses you.
You scratch Edmund.
Edmund is severely wounded.
You completely miss Edmund.
Edmund is severely wounded.
You scratch Edmund.
Edmund is severely wounded.
Edmund hits you with a +1 flail of draining!
* * * LOW HITPOINT WARNING * * *
You feel drained.
You die...

########### #.........#
#.#######.# ### #.# #.# #..
##.####.##### #.# #.#
............###.# #.#
⌠..♣###.........######.####
###...#...@@Jg......# {
##.....#####....##.#
##...##+# #†##....# #..###
#..###..# #.##.# #††# ##.#
#.†.[# #..#$.'.# #.##.#
#..#.##.# #..### #..# ..#
####...#### #### .##


You could see Edmund (unable to see you), a jelly and a goblin (unable to see
you).

Vanquished Creatures
  A jelly (D:4)
  2 adders (D:2)
  A dart slug (D:2)
  6 ball pythons
  3 endoplasms (D:2)
  A giant cockroach (D:4)
  3 goblins
  7 hobgoblins
  4 jackals (D:1)
  6 kobolds
  2 quokkas
  4 bats
  4 frilled lizards (D:1)
  7 rats
51 creatures vanquished.

Notes
Turn   | Place    | Note
-------+----------+-------------------------------------------
     0 | D:1      | Alarkh the Demonspawn Warper began the quest for the Orb.
     0 | D:1      | Reached XP level 1. HP: 16/16 MP: 3/3
    66 | D:1      | Reached skill level 2 in Unarmed Combat
   118 | D:1      | Gained mutation: Spells you cast may paralyse adjacent
                  | enemies. [demonic ancestry]
   118 | D:1      | Reached XP level 2. HP: 7/22 MP: 5/5
   337 | D:1      | Learned a level 2 spell: Blink
   530 | D:1      | Found a faded altar of an unknown god.
   564 | D:1      | Reached skill level 3 in Unarmed Combat
   974 | D:2      | Gained mutation: You have sharp fingernails. [demonic
                  | ancestry]
   974 | D:2      | Reached XP level 3. HP: 14/27 MP: 6/6
  1675 | D:3      | Found a hazy altar of Hepliaklqana.
  1722 | D:3      | Found a broken altar of Ashenzari.
  1731 | D:3      | Noticed Sigmund
  1844 | D:4      | Reached XP level 4. HP: 33/33 MP: 7/7
  1849 | D:4      | Reached skill level 4 in Unarmed Combat
  1944 | D:4      | Noticed Edmund
  1946 | D:4      | Gained mutation: You are frail. (-10% HP) [potion of
                  | mutation]
  1946 | D:4      | Gained mutation: You have hidden genetic defects. [potion
                  | of mutation]
  1946 | D:4      | Gained mutation: You have a pair of small antennae on your
                  | head. [potion of mutation]
  1946 | D:4      | Gained mutation: You have a pair of antennae on your head.
                  | [potion of mutation]
  1949 | D:4      | Lost mutation: You have hidden genetic defects. [potion of
                  | mutation]
  1949 | D:4      | Lost mutation: You are frail. (-10% HP) [potion of
                  | mutation]
  1949 | D:4      | Lost mutation: You have a pair of antennae on your head.
                  | [potion of mutation]
  1949 | D:4      | Gained mutation: Your spells are a little harder to cast,
                  | but a little more powerful. [potion of mutation]
  1949 | D:4      | Gained mutation: You have very sharp teeth. [potion of
                  | mutation]
  1974 | D:4      | Slain by Edmund

Illustrated notes

Levels and vault maps discovered:
D:1:      tekkud_arrival_beachfront_property, layout_loops_ring,
          dreamdust_ecumenical_altar_statues, corexii_leaking_fountain,
          hangedman_glass_teeth
D:2:      layout_loops_cross, kennysheep_generic_room_3
D:3:      layout_loops_cross, nicolae_hepliaklqana_hazy_memory,
          nicolae_ashenzari_panopticon, chequers_serial_rivers_micro_b,
          uniq_sigmund
D:4:      layout_loops_corners, gammafunk_ghost_nasty_kobolds, serial_demonic,
          serial_demonic_b, serial_demonic_f, serial_demonic_c,
          serial_demonic_c, serial_demonic_d, serial_demonic_f,
          serial_demonic_e, serial_demonic_b, chequers_serial_rivers_micro_c,
          minmay_divided_ellipse, uniq_ijyb, uniq_edmund, uniq_pikel

Skill      XL: |  1  2  3  4 |
---------------+-------------+-----
Unarmed Combat | 2 3 4 |  4.4
Fighting       | |  2.0
Throwing       | |  0.8
Armour         | |  0.8
Dodging        | |  1.7
Spellcasting   | |  2.0
Translocations | |  2.6

Action                     |  1- 3 |  4- 6 || total
---------------------------+-------+-------++-------
  Melee: Unarmed           |   192 |    25 ||   217
         Punch             |     3 |       ||     3
         Bite              |       |     2 ||     2
  Throw: Boomerang         |     5 |       ||     5
   Cast: Blink             |     2 |       ||     2
  Evoke: Wand              |       |     8 ||     8
    Use: Scroll            |     2 |       ||     2
         Potion            |     1 |     4 ||     5
   Stab: Sleeping          |     1 |       ||     1
         Invisible         |       |     3 ||     3
 Armour: Leather armour    |    52 |     3 ||    55
  Dodge: Dodged            |   115 |    20 ||   135
